 Dungeon Crawl Stone Soup version 0.28.0-43-g3370ac3207 (webtiles) character file.

Game seed: 15920597022980657948

21 Circulus the Chopper (level 2, -1/27 HPs)
             Began as a Deep Dwarf Berserker on Mar 16, 2022.
             Was a Follower of Trog.
             Frozen to death by an endoplasm (2 damage)
             ... on level 1 of the Dungeon.
             The game lasted 00:02:38 (238 turns).

Circulus the Chopper (Deep Dwarf Berserker)          Turns: 238, Time: 00:02:38

Health: -1/27      AC:  5    Str: 20    XL:     2   Next: 62%
Magic:  2/2        EV: 11    Int:  7    God:    Trog [*.....]
Gold:   25         SH:  0    Dex: 12    Spells: 1/1 levels left

rFire   . . .      SeeInvis .   a - +0 hand axe
rCold   . . .      Faith    .   (no shield)
rNeg    . . .      Spirit   .   d - +0 ring mail
rPois   .          Reflect  .   (no helmet)
rElec   .          Harm     .   (no cloak)
rCorr   .          Rampage  .   (no gloves)
Will    .....                   (no boots)
Stlth   +.........              (no amulet)
HPRegen 0.00/turn               (no ring)
MPRegen 0.08/turn               (no ring)

@: no status effects
A: damage resistance, heal wounds, sense surroundings 1, no regeneration
a: Heal Wounds, Renounce Religion, Berserk


You were on level 1 of the Dungeon.
You worshipped Trog.
Trog was aware of your devotion.
You visited 1 branch of the dungeon, and saw 1 of its levels.

You collected 25 gold pieces.

Inventory:

Hand Weapons
 a - a +0 hand axe (weapon)
Armour
 b - a +0 animal skin
 d - a +0 ring mail (worn)
Scrolls
 f - a scroll of noise {unknown}
Potions
 c - a potion of lignification {unknown}
 e - a potion of haste {unknown}


   Skills:
 + Level 2.9 Fighting
 + Level 3.6 Axes
 + Level 2.5 Armour
 + Level 2.6 Dodging


You had one spell level left.
You didn't know any spells.
Your spell library was empty.

Dungeon Overview and Level Annotations

Branches:
Dungeon (1/15)

Altars:


Innate Abilities, Weirdness & Mutations

You are resistant to damage.
You can heal yourself by infusing magical energy.
You passively map a small area around you.
You do not regenerate.


Message History

You hit the quokka.
The quokka is lightly wounded.
The quokka closely misses you.
You slash the quokka!
You kill the quokka!
Trog accepts your kill.
No target in view!
You see here a rat corpse.
A bat and an endoplasm come into view.
The bat closely misses you. The bat barely misses you.
You see here a quokka corpse.
The bat hits you but does no damage. The bat hits you but does no damage. x2
The bat closely misses you.
You hit the bat.
The bat is severely wounded.
The bat misses you. The bat hits you but does no damage. The bat hits you.
You closely miss the bat.
The bat is severely wounded.
The bat hits you but does no damage. The bat barely misses you.
You slash the bat!
You kill the bat!
Trog accepts your kill.
You hit the endoplasm but do no damage. The endoplasm freezes you.
You are frozen.
* * * LOW HITPOINT WARNING * * *
You barely miss the endoplasm. The endoplasm closely misses you.
You hit the endoplasm.
The endoplasm is heavily wounded.
The endoplasm freezes you.
You are frozen.
* * * LOW HITPOINT WARNING * * *
You hit the endoplasm.
The endoplasm is severely wounded.
The endoplasm freezes you.
You are frozen.
You die...

#.......###.........#
#.......# #.........#
#.......# #.........#
#.......# ##..#+####
#.......# ##.#.#
#####.......## #...#
.............# ###..#
.............# #....##
.........#...###@##..#
.[.......#.#...J.....#
.........#....†..#.#..#
...#########.††..#.#..#
...#########.......#..#
...#...............##.#
...#.........#.....#
.........###...#
.......$.# #.###


You could see an endoplasm.

Vanquished Creatures
  A dart slug (D:1)
  2 bats (D:1)
  2 endoplasms (D:1)
  2 giant cockroaches (D:1)
  2 hobgoblins (D:1)
  A kobold (D:1)
  A quokka (D:1)
  3 goblins (D:1)
  2 rats (D:1)
16 creatures vanquished.

Vanquished Creatures (others)
  6 fungi (D:1)
6 creatures vanquished.

Grand Total: 22 creatures vanquished

Notes
Turn   | Place    | Note
-------+----------+-------------------------------------------
     0 | D:1      | Circulus the Deep Dwarf Berserker began the quest for the
                  | Orb.
     0 | D:1      | Reached XP level 1. HP: 20/20 MP: 1/1
    45 | D:1      | Reached XP level 2. HP: 12/27 MP: 2/2
   237 | D:1      | HP: 1/27 [frozen (3)]
   238 | D:1      | Frozen to death by an endoplasm

Illustrated notes

Levels and vault maps discovered:
D:1:      minmay_arrival_plants_in_alcoves, layout_basic

Action                   || total
-------------------------++-------
Melee: Hand axe          ||    54
Invok: Berserk           ||     1
Armor: Animal skin       ||     5
       Ring mail         ||    14
Dodge: Dodged            ||    47
